Map: Ascension to Aiur LE

Players

HuShang

  • Race: Protoss Protoss
  • League: Grandmaster
  • Spawn Location: 5:00

A.I. 1 (Very Easy) - Winner!

  • Race: Zerg Zerg
  • Spawn Location: 11:00

VOD

Have the link to the VOD?

Description

Time

  • Played on: June 30, 2017, 7:32 p.m.
  • Length: 7:40
Show
View Real Time Build Order
Export as new Build Order

HuShang Protoss 

Build Orders: 1 Gate Expand, Zealot Archon, Dark Templar Rush 

Get SALT Encoding   

  12  0:01  Probe (Chrono Boost)  
  13  0:11  Probe (Chrono Boost)  
  14  0:18  Pylon  
  14  0:22  Probe (Chrono Boost)  
  15  0:36  Probe (Chrono Boost)  
  15  0:38  Gateway  
  16  0:45  Assimilator  
  16  0:47  Probe (Chrono Boost)  
  17  0:57  Probe (Chrono Boost)  
  18  1:08  Probe (Chrono Boost)  
  19  1:19  Probe (Chrono Boost)  
  19  1:25  Nexus  
  20  1:36  Cybernetics Core  
  20  1:40  Probe (Chrono Boost)  
  21  1:47  Assimilator  
  21  1:51  Probe (Chrono Boost)  
  22  1:56  Pylon  
  23  2:01  Probe (Chrono Boost)  
  23  2:13  Warp Gate  
  23  2:15  Adept (Chrono Boost)  
  26  2:18  Mothership Core (Chrono Boost)  
  27  2:35  Twilight Council  
  27  2:37  Probe (Chrono Boost)  
  27  2:39  Probe (Chrono Boost)  
  29  2:48  Probe (Chrono Boost)  
  29  2:50  Probe (Chrono Boost)  
  31  2:54  Robotics Facility  
  31  2:58  Probe (Chrono Boost)  
  31  3:00  Probe (Chrono Boost)  
  33  3:09  Probe (Chrono Boost)  
  33  3:11  Probe (Chrono Boost)  
  36  3:20  Dark Shrine, Probe (Chrono Boost)  
  36  3:21  Probe (Chrono Boost)  
  37  3:30  Probe (Chrono Boost)  
  37  3:32  Probe (Chrono Boost)  
  39  3:39  Gateway  
  39  3:41  Gateway x2  
  39  3:48  Warp Prism (Chrono Boost)  
  39  3:50  Probe  
  39  3:52  Probe  
  43  3:58  Pylon  
  43  4:01  Probe  
  43  4:04  Probe  
  43  4:06  Assimilator  
  45  4:10  Assimilator  
  45  4:13  Probe (Chrono Boost)  
  45  4:16  Probe (Chrono Boost)  
  47  4:22  Pylon  
  47  4:25  Probe (Chrono Boost)  
  47  4:27  Probe (Chrono Boost)  
  49  4:32  Nexus  
  49  4:36  Probe (Chrono Boost)  
  49  4:38  Probe (Chrono Boost)  
  51  4:50  Charge  
  51  4:52  Dark Templar x2  
  51  4:53  Dark Templar x2  
  51  4:56  Observer (Chrono Boost)  
  60  5:05  Forge  
  60  5:07  Pylon  
  60  5:09  Probe  
  60  5:10  Probe  
  62  5:14  Pylon  
  62  5:16  Archon x2  
  62  5:24  Immortal (Chrono Boost)  
  62  5:25  Probe x2  
  68  5:37  Probe x2  
  68  5:40  Zealot, Sentry x3  
  78  5:43  Pylon  
  78  5:44  Probe  
  78  5:47  Protoss Ground Weapons Level 1 (Chrono Boost)  
  80  5:54  Immortal  
  83  6:06  Gateway  
  83  6:07  Gateway  
  83  6:09  Gateway  
  83  6:10  Gateway  
  83  6:14  Probe x3  
  86  6:26  Probe x3  
  86  6:30  Pylon  
  89  6:33  Photon Cannon  
  89  6:36  Dark Templar x2  
  89  6:39  Zealot x2  
  97  6:41  Archon  
  97  6:45  Photon Cannon  
  97  6:50  Photon Cannon  
  97  6:52  Pylon  
  97  6:53  Probe x2  
  99  7:05  Dark Templar x2  
  99  7:06  Pylon  
  99  7:07  Dark Templar, Pylon  
  105  7:08  Dark Templar  
  105  7:09  Zealot  
  105  7:10  Zealot  
  105  7:12  Archon x2  
  111  7:15  Zealot x2  
Show
View Real Time Build Order
Export as new Build Order

A.I. 1 (Very Easy) Zerg - Winner!

Build Orders: Hatch First 

Get SALT Encoding   

  12  0:01  Drone  
  13  0:12  Overlord  
  13  0:17  Drone  
  14  0:42  Hatchery  
  13  0:45  Drone  
  14  1:05  Spawning Pool  
  14  1:06  Extractor  
  14  1:09  Drone  
  13  1:16  Drone  
  14  1:22  Overlord  
  14  1:52  Zergling x2  
  14  1:54  Zergling x2, Queen  
  18  2:07  Roach Warren  
  18  2:08  Extractor  
  16  2:11  Drone  
  17  2:18  Drone  
  17  2:20  Zergling x2  
  19  2:25  Drone  
  20  2:33  Drone  
  21  2:40  Drone  
  22  2:47  Drone  
  23  2:54  Drone  
  24  3:01  Drone  
  25  3:08  Drone  
  25  3:10  Roach  
  28  3:15  Overlord  
  28  3:19  Drone  
  29  3:27  Drone  
  30  3:34  Drone  
  31  3:41  Drone  
  32  3:48  Drone  
  32  3:50  Overlord  
  33  3:56  Drone  
  33  3:59  Roach, Lair  
  36  4:03  Drone  
  37  4:10  Drone  
  38  4:17  Drone  
  39  4:24  Drone  
  40  4:32  Drone  
  40  4:33  Overlord  
  41  4:39  Drone  
  42  4:46  Drone  
  42  4:48  Roach  
  45  4:53  Drone  
  45  4:58  Overseer  
  45  4:59  Overseer  
  46  5:00  Drone  
  46  5:06  Extractor  
  46  5:07  Drone  
  46  5:12  Extractor  
  46  5:15  Drone  
  47  5:22  Drone  
  48  5:29  Drone  
  49  5:36  Drone  
  49  5:38  Roach  
  52  5:43  Drone  
Tags
 
Add a new tag
Caveats
  • Supply blocks, unpowered buildings, or Contaminate may cause inaccurate times.
  • Supply counts are checked every 10 seconds.